 Dungeon Crawl Stone Soup version 0.30-a0-618-gd6c86c23d0 (webtiles) character file.

Game seed: 1574935096354901286

1830 acebull12 the Magician (level 9, -1/65 HPs)
             Began as a Human Cinder Acolyte on Jan 9, 2023.
             Was a High Priest of Ignis.
             Slain by a killer bee (3 damage)
             ... on level 6 of the Dungeon.
             The game lasted 00:20:22 (7941 turns).

acebull12 the Magician (Human Cinder Acolyte)       Turns: 7941, Time: 00:20:23

Health: -1/65      AC:  8    Str: 17    XL:     9   Next: 32%
Magic:  14/18      EV: 11    Int: 22    God:    Ignis [*****.]
Gold:   413        SH:  0    Dex:  9    Spells: 18/20 levels left

rFire   + . .      SeeInvis .    q - +3 whip (venom)
rCold   . . .      Faith    .    (no shield)
rNeg    . . .      Spirit   .    j - +0 ring mail
rPois   .          Reflect  .    i - +0 helmet
rElec   .          Harm     .    (no cloak)
rCorr   .          Rampage  .    e - +0 pair of gloves
Will    .....                    (no boots)
Stlth   +                        (no amulet)
HPRegen 0.30/turn                r - +6 ring of intelligence
MPRegen 0.16/turn                (no ring)

@: lethally poisoned (-1 -> -20), very slightly contaminated
A: no striking features
a: Renounce Religion, Fiery Armour, Foxfire Swarm


You were on level 6 of the Dungeon.
You worshipped Ignis.
Ignis was extremely pleased with you.
You visited 2 branches of the dungeon, and saw 8 of its levels.
You also visited: Sewer.

You collected 413 gold pieces.

Inventory:

Hand Weapons
 a - a -1 falchion of flaming
 q - a +3 whip of venom (weapon)
Missiles
 c - 28 stones (quivered)
 p - a throwing net
Armour
 e - a +0 pair of gloves (worn)
 i - a +0 helmet (worn)
 j - a +0 ring mail (worn)
Jewellery
 r - a +6 ring of intelligence (left hand)
Wands
 s - a wand of digging (7)
Scrolls
 d - 4 scrolls of enchant weapon
 f - 3 scrolls of teleportation
 g - a scroll of fear
 h - a scroll of butterflies {unknown}
 m - a scroll of torment
 o - 3 scrolls of poison
 w - a scroll of immolation {unknown}
Potions
 b - a potion of lignification
 k - 2 potions of might
 l - a potion of berserk rage
 n - a potion of ambrosia {unknown}
 t - a potion of haste
 u - a potion of attraction
 v - a potion of curing {unknown}
 x - a potion of resistance {unknown}
 z - 2 potions of heal wounds {unknown}


   Skills:
 + Level 4.2 Fighting
 + Level 3.3 Long Blades
 + Level 4.6 Maces & Flails
 + Level 4.3 Armour
 + Level 2.5 Dodging
 + Level 1.6 Stealth
 + Level 6.2 Spellcasting
 - Level 5.0 Fire Magic


You had 18 spell levels left.
You knew the following spells:

 Your Spells              Type           Power      Damage    Failure   Level
a - Scorch                Fire           56%        2d7       3%          2

Your spell library contained the following spells:

 Spells                   Type           Power      Damage    Failure   Level
 Necrotise                Necr           24%        1d5       16%         1
 Vampiric Draining        Necr           6%         2d6       43%         3
 Agony                    Necr           6%         N/A       99%         5


Dungeon Overview and Level Annotations

Branches:
Dungeon (7/15)             Temple (1/1) D:4           Sewer (visited)

Altars:
Ashenzari
Cheibriados
Elyvilon
Hepliaklqana
Kikubaaqudgha
Makhleb
Nemelex Xobeh
Qazlal
Sif Muna
Trog
Vehumet
Wu Jian
Zin

Shops:
D:1 ?

Annotations:
D:2 1 runed translucent door, Crazy Yiuf
D:4 1 runed translucent door, acebull12's ghost, amateur HOMo


Message History

The killer bee misses you. The killer bee barely misses you. x2
Casting: Scorch (safe; 3% risk of failure)
Confirm with . or Enter, or press ? or * to list all spells.
Flames lash the killer bee.
The killer bee is moderately wounded.
The killer bee's fire resistance burns away.
The killer bee closely misses you. The killer bee stings you.
You are poisoned.
The killer bee poisons you!
The killer bee stings you but does no damage.
The killer bee barely misses you. x3
You whack the killer bee!
The killer bee is poisoned.
The killer bee is almost dead.
You feel sick.
You kill the killer bee!
The killer bee barely misses you. The killer bee stings you.
You are more poisoned.
The killer bee poisons you!
The killer bee stings you but does no damage. x2
You hit the killer bee.
The killer bee is moderately wounded.
You feel sick. The killer bee stings you! The killer bee barely misses you.
The killer bee closely misses you. The killer bee stings you.
You closely miss the killer bee.
The killer bee is moderately wounded.
You feel sick.
The killer bee stings you. x2; The killer bee stings you!
* * * LOW HITPOINT WARNING * * *
You are lethally poisoned!
The killer bee poisons you! The killer bee barely misses you.
You barely miss the killer bee.
The killer bee is moderately wounded.
* * * LOW HITPOINT WARNING * * *
You feel very sick. The killer bee stings you.
* * * LOW HITPOINT WARNING * * *
You are more poisoned.
The killer bee poisons you!
The killer bee stings you but does no damage.
The killer bee stings you.
You die...

##............. #### ####
#.............. ##~~####~~##
#..###......... #~~~~~~~~~~#
#..#...........
##~~####÷~#####.............
#~##~~##~##.##.............
#~#~.~~~~#........###..#...
#~#~~~~~~#†y.....## ##.##..
#~##~~####@.#..### ###.....
##~~####~~##y##..####....>..
#~~~~[[~~~[......#..........
##~~####~~##.....#...###.... ####
####.........###.....
##########..#........#####....
###...........#.......## #....#.
##.#.#.#.#....##.......# #...##.
#........>...###.......####.####.


You could see 2 killer bees.

Vanquished Creatures
  Menkaure (D:5)
  An ice beast (D:6)
  2 ogres
  A centaur (D:7)
  A phantom (D:5)
  A kobold brigand (Sewer)
  Blork the orc (D:4)
  2 necrophages
  4 scorpions
  2 killer bees (D:6)
  A howler monkey (D:6)
  3 orc priests
  5 hounds
  A jelly (D:6)
  2 iguanas
  2 orc wizards (D:6)
  8 gnolls (D:3)
  10 adders
  5 river rats
  5 worms
  2 dart slugs
  11 orcs
  9 ball pythons
  7 endoplasms
  2 giant cockroaches
  4 goblins (D:1)
  6 hobgoblins
  10 jackals
  8 kobolds
  3 quokkas
  4 bats
  5 frilled lizards
  3 rats
132 creatures vanquished.

Vanquished Creatures (others)
  21 foxfires (D:5)
  7 plants (Sewer)
28 creatures vanquished.

Grand Total: 160 creatures vanquished

Notes
Turn   | Place    | Note
-------+----------+-------------------------------------------
     0 | D:1      | acebull12 the Human Cinder Acolyte began the quest for the
                  | Orb.
     0 | D:1      | Reached XP level 1. HP: 18/18 MP: 2/2
    76 | D:1      | Reached XP level 2. HP: 22/24 MP: 3/3
    79 | D:1      | Learned a level 2 spell: Scorch
   332 | D:1      | Found The Oracle's Delphic Readings.
   402 | D:1      | Reached XP level 3. HP: 29/29 MP: 1/4
  1471 | D:2      | Found a runed translucent door.
  1472 | D:2      | Noticed Crazy Yiuf
  1930 | D:3      | Found a radiant altar of Vehumet.
  2166 | D:3      | Reached XP level 4. HP: 35/35 MP: 1/6
  2528 | D:3      | Reached skill level 2 in Spellcasting
  2528 | D:3      | Reached XP level 5. HP: 41/41 MP: 4/8
  2539 | D:3      | Reached skill level 1 in Armour
  3096 | D:4      | Noticed Blork the orc
  3212 | D:4      | Killed Blork the orc
  3213 | D:4      | Reached skill level 3 in Spellcasting
  3213 | D:4      | Reached XP level 6. HP: 24/47 MP: 8/10
  3383 | D:4      | Found a staircase to the Ecumenical Temple.
  3401 | Temple   | Entered the Ecumenical Temple
  3910 | D:4      | Found a runed translucent door.
  3926 | D:4      | Found a burning altar of Makhleb.
  4264 | D:4      | Noticed acebull12's ghost (amateur HOMo)
  4379 | D:4      | Found a white marble altar of Elyvilon.
  4427 | D:4      | Found an ornate altar of the Wu Jian Council.
  4604 | D:5      | Entered Level 5 of the Dungeon
  4722 | D:5      | Noticed an ogre
  4725 | D:5      | Killed an ogre
  4726 | D:5      | Reached skill level 1 in Maces & Flails
  4726 | D:5      | Reached XP level 7. HP: 49/52 MP: 12/12
  4789 | D:5      | Noticed an air elemental
  4942 | D:5      | Reached skill level 1 in Dodging
  4942 | D:5      | Reached skill level 4 in Spellcasting
  5056 | D:5      | Reached skill level 5 in Fire Magic
  5067 | D:5      | Reached XP level 8. HP: 31/60 MP: 9/14
  5199 | D:5      | Found an ancient bone altar of Kikubaaqudgha.
  5222 | D:5      | Found a stormy altar of Qazlal.
  5223 | D:5      | Noticed a water elemental
  5428 | D:5      | Noticed Menkaure
  5439 | D:5      | Killed Menkaure
  5440 | D:5      | Reached skill level 1 in Stealth
  5544 | D:5      | Noticed a fire elemental
  5814 | D:6      | Reached skill level 5 in Spellcasting
  5908 | D:6      | Found a glowing drain.
  5915 | Sewer    | Entered a sewer
  7163 | D:6      | Reached XP level 9. HP: 65/65 MP: 14/17
  7687 | D:7      | Reached skill level 6 in Spellcasting
  7941 | D:6      | HP: 2/65 [killer bee (6)]
  7941 | D:6      | Slain by a killer bee

Illustrated notes

Levels and vault maps discovered:
D:1:      dpeg_arrival_tiny_e, layout_basic, nicolae_nh_oracle_at_delphi
D:2:      layout_basic, uniq_crazy_yiuf_cottage
D:3:      layout_rooms, vehumet_crystals
D:4:      layout_loops_ring, kennysheep_mini_moat, mainiacjoe_overflow_24_doors,
          nicolae_elyvilon_temple_path, minmay_temple_entry_large_hall,
          ebering_ghost_reflecting_pool, chequers_serial_rivers_small_a,
          uniq_blork_the_orc
D:5:      layout_cave_pools, mainiacjoe_overflow_surrounded_room,
          nicolae_qazlal_style_of_elements, serial_park, serial_park_tiny_1,
          serial_park_tiny_2, serial_park_square3 [serial_park_minivault_5x5_4],
          serial_park_gazebo [serial_park_minivault_5x5_8], serial_park_tiny_1,
          minmay_misc_feat_rugged, palyth_stone_intersect, uniq_menkaure
D:6:      layout_cave_pools, gup_sewer_entry_bubbles, st_stairs_9
D:7:      kennysheep_spiral_hall, layout_basic, mainiacjoe_overflow_alcove_1,
          gammafunk_ghost_abyssal_escape
Temple:   nicolae_temple_bog_church

Skill      XL: |  1  2  3  4  5  6  7  8  9 |
---------------+----------------------------+-----
Fire Magic     | 4 5 |  5.0
Spellcasting   | 2 3 4 5 6 |  6.2
Armour         | 1 2 3 4 |  4.3
Maces & Flails | 1 2 4 |  4.6
Dodging        | 1 2 |  2.5
Stealth        | 1 |  1.6
Fighting       | 4 |  4.2
Long Blades    | |  3.3

Action                   |  1- 3 |  4- 6 |  7- 9 || total
-------------------------+-------+-------+-------++-------
Melee: Falchion          |    72 |     9 |       ||    81
       Punch             |     1 |     2 |     1 ||     4
       Whip              |       |    65 |   107 ||   172
 Cast: Scorch            |    22 |    12 |    76 ||   110
Invok: Rising Flame      |       |     1 |       ||     1
       Fiery Armour      |       |     1 |       ||     1
       Foxfire Swarm     |       |     1 |       ||     1
  Use: Scroll            |       |     2 |    11 ||    13
Armor: Robe              |    13 |       |       ||    13
       Ring mail         |    25 |    38 |    50 ||   113
Dodge: Dodged            |    59 |    41 |    84 ||   184

Table legend: (Time is in decaauts)
 A = Elapsed time spent in this place.
 B = Non-inter-level travel time spent in this place.
 C = Inter-level travel time spent in this place.
 D = Time resting spent in this place.
 E = Time spent auto-exploring this place.
 F = Levels seen in this place.
 G = Mean time per level.
                   A        B        C        D        E       F      G
               +--------+--------+--------+--------+--------+-----+--------+
         Total |   8138 |   7330 |    808 |   1205 |   4752 |   9 |  904.2 |
       Dungeon |   6742 |   5950 |    792 |    856 |   3886 |   7 |  963.1 |
        Temple |    230 |    214 |     16 |      0 |    207 |   1 |  230.0 |
         Sewer |   1165 |   1165 |      0 |    349 |    658 |   1 | 1165.0 |
               +--------+--------+--------+--------+--------+-----+--------+

Top non-repeatable levels by time:
     D:3: 1243 daAuts
   Sewer: 1165 daAuts
     D:5: 1124 daAuts
     D:1: 1121 daAuts
     D:4: 1100 daAuts
     D:2: 1060 daAuts
     D:6: 969 daAuts
  Temple: 230 daAuts
     D:7: 122 daAuts
